3AAA
HAMILTON COYOTES @ BRINKLEY BELUGAS
08/12/2030
 
TOP OF THE 1ST
Hamilton Coyotes batting - Pitching for Brinkley Belugas : LHP Rodney Spurr
Pitching: LHP Rodney Spurr
Batting: LHB Ken Stroud 0-0: Foul Ball, location: 2F
0-1: Ball
1-1: Foul Ball, location: 2F
1-2: Strikes out looking
Batting: RHB Warren Martin 0-0: Swinging Strike
0-1: Ball
1-1: Swinging Strike
1-2: Strikes out swinging
Batting: RHB Juanito González 0-0: Foul Ball, location: 2F
0-1: Called Strike
0-2: Ball
1-2: Ball
2-2: Ball
3-2: Foul Ball, location: 2F
3-2: Base on Balls
Batting: LHB Andrés Chávez 0-0: Called Strike
Juanito González is caught stealing 2nd base
Top of the 1st over - 0 runs, 0 hits, 0 errors, 0 left on base; Hamilton 0 - Brinkley 0
BOTTOM OF THE 1ST
Brinkley Belugas batting - Pitching for Hamilton Coyotes : RHP António Fabián
Pitching: RHP António Fabián
Batting: LHB Marcos Deleón 0-0: Ball
1-0: Ball
2-0: Ball
3-0: Base on Balls
Batting: SHB Eddie Ménard 0-0: Reached on error, E6 (Groundball, 6M)
Marcos Deleón to second
Batting: RHB Brandon Cole 0-0: Called Strike
0-1: Ball
1-1: Foul Ball, location: 2F
1-2: Foul Ball, location: 2F
1-2: Ball
2-2: Ball
3-2: Strikes out swinging
Batting: RHB Rubén Campos 0-0: Hit by Pitch
Marcos Deleón to third
Eddie Ménard to second
Batting: RHB Danilo Mosca 0-0: Ball
1-0: Ball
2-0: DOUBLE (Line Drive, 9LS)
Marcos Deleón scores
Eddie Ménard scores
Rubén Campos to third
Runner from 3rd tries for Home, SAFE, throw made at trailing runner, SAFE at third!
Batting: LHB Víctor Fortis 0-0: Swinging Strike
0-1: Foul Ball, location: 2F
0-2: Fly out, F7 (Flyball, 7LM)
Runner from 3rd tags up, SCORES, throw made
Batting: LHB Natale Langushi 0-0: Ball
1-0: Ball
2-0: Called Strike
2-1: Called Strike
2-2: Foul Ball, location: 2F
2-2: Ball
3-2: Strikes out swinging
Bottom of the 1st over - 4 runs, 1 hit, 1 error, 0 left on base; Hamilton 0 - Brinkley 4
TOP OF THE 2ND
Hamilton Coyotes batting - Pitching for Brinkley Belugas : LHP Rodney Spurr
Batting: LHB Andrés Chávez 0-0: Ball
1-0: Foul Ball, location: 2F
1-1: Ball
2-1: Called Strike
2-2: Strikes out looking
Batting: RHB Markus Thompson 0-0: Swinging Strike
0-1: Called Strike
0-2: Ball
1-2: Strikes out swinging
Batting: RHB Jesús Soto 0-0: SINGLE (Groundball, 6MD)
Batting: LHB José Gómez 0-0: Ball
1-0: Ball
Wild Pitch!
Jesús Soto to second
2-0: Called Strike
2-1: SINGLE (Line Drive, 8LS)
Jesús Soto to third
Batting: RHB Brandon Carroll 0-0: Foul Ball, location: 2F
0-1: Ball
1-1: Called Strike
1-2: Strikes out swinging
Top of the 2nd over - 0 runs, 2 hits, 0 errors, 2 left on base; Hamilton 0 - Brinkley 4
BOTTOM OF THE 2ND
Brinkley Belugas batting - Pitching for Hamilton Coyotes : RHP António Fabián
Batting: RHB Wu-shiun Wang 0-0: Ball
1-0: Foul Ball, location: 2F
1-1: Foul Ball, location: 2F
1-2: Ball
2-2: Foul Ball, location: 2F
2-2: DOUBLE (Line Drive, 78XD)
Batting: RHB Jason Bringle 0-0: SINGLE (Line Drive, 4D)
Wu-shiun Wang to third
Runner from 3rd tries for Home, SAFE, no throw
Batting: LHB Marcos Deleón 0-0: Fly out, F4 (Popup, 4D)
Batting: SHB Eddie Ménard 0-0: Called Strike
0-1: Ball
1-1: Foul Ball, location: 2F
1-2: Ball
2-2: Foul Ball, location: 2F
2-2: Ball
3-2: Fly out, F7 (Flyball, 7LM)
Batting: RHB Brandon Cole 0-0: SINGLE (Line Drive, 9S)
Jason Bringle to second
Batting: RHB Rubén Campos 0-0: Called Strike
0-1: Ball
1-1: Foul Ball, location: 2F
1-2: Fly out, F9 (Flyball, 9)
Bottom of the 2nd over - 1 run, 3 hits, 0 errors, 2 left on base; Hamilton 0 - Brinkley 5
TOP OF THE 3RD
Hamilton Coyotes batting - Pitching for Brinkley Belugas : LHP Rodney Spurr
Batting: LHB Tony Rodríguez 0-0: Ball
1-0: Ball
2-0: Foul Ball, location: 2F
2-1: Hit by Pitch
Batting: LHB Ken Stroud 0-0: Called Strike
0-1: Foul Ball, location: 2F
0-2: Grounds into double play, 4-6-3 (Groundball, 4)
Batting: RHB Warren Martin 0-0: Ground out 5-3 (Groundball, 56)
Top of the 3rd over - 0 runs, 0 hits, 0 errors, 0 left on base; Hamilton 0 - Brinkley 5
BOTTOM OF THE 3RD
Brinkley Belugas batting - Pitching for Hamilton Coyotes : RHP António Fabián
Batting: RHB Danilo Mosca 0-0: Ball
1-0: Ground out 3-1 (Groundball, 34)
Batting: LHB Víctor Fortis 0-0: Called Strike
0-1: Ball
1-1: Foul Ball, location: 2F
1-2: Ball
2-2: Fly out, F7 (Flyball, 7LMF)
Batting: LHB Natale Langushi 0-0: Foul Ball, location: 2F
0-1: Ball
1-1: Ball
2-1: Fly out, F5 (Flyball, 56D)
Bottom of the 3rd over - 0 runs, 0 hits, 0 errors, 0 left on base; Hamilton 0 - Brinkley 5
TOP OF THE 4TH
Hamilton Coyotes batting - Pitching for Brinkley Belugas : LHP Rodney Spurr
Batting: RHB Juanito González 0-0: Ball
1-0: Ground out 6-3 (Groundball, 6M)
Batting: LHB Andrés Chávez 0-0: Foul Ball, location: 2F
0-1: Ball
1-1: Foul Ball, location: 2F
1-2: Strikes out swinging
Batting: RHB Markus Thompson 0-0: Foul Ball, location: 2F
0-1: Swinging Strike
0-2: Ball
1-2: Foul Ball, location: 2F
1-2: Fly out, F5 (Line Drive, 56)
Top of the 4th over - 0 runs, 0 hits, 0 errors, 0 left on base; Hamilton 0 - Brinkley 5
BOTTOM OF THE 4TH
Brinkley Belugas batting - Pitching for Hamilton Coyotes : RHP António Fabián
Batting: RHB Wu-shiun Wang 0-0: Fly out, F7 (Flyball, 7S)
Batting: RHB Jason Bringle 0-0: Ball
1-0: Ball
2-0: Ball
3-0: Called Strike
3-1: Called Strike
3-2: Base on Balls
Batting: LHB Marcos Deleón 0-0: Ball
1-0: Called Strike
1-1: Called Strike
1-2: Ball
2-2: Foul Ball, location: 2F
2-2: SINGLE (Line Drive, 8LS)
Jason Bringle to second
Batting: SHB Eddie Ménard 0-0: Ball
1-0: Ball
2-0: Ball
3-0: Called Strike
3-1: Foul Ball, location: 2F
3-2: Fly out, F7 (Flyball, 7S)
Batting: RHB Brandon Cole 0-0: Ball
1-0: Ball
2-0: Swinging Strike
2-1: Called Strike
2-2: Strikes out swinging
Bottom of the 4th over - 0 runs, 1 hit, 0 errors, 2 left on base; Hamilton 0 - Brinkley 5
TOP OF THE 5TH
Hamilton Coyotes batting - Pitching for Brinkley Belugas : LHP Rodney Spurr
Batting: RHB Jesús Soto 0-0: Ball
1-0: Called Strike
1-1: Swinging Strike
1-2: Ball
2-2: Foul Ball, location: 2F
2-2: Foul Ball, location: 2F
2-2: Ball
3-2: Strikes out swinging
Batting: LHB José Gómez 0-0: Ball
1-0: Ground out 1-3 (Groundball, 13)
Batting: RHB Brandon Carroll 0-0: Ball
1-0: Ground out U3 (Groundball, 34)
Top of the 5th over - 0 runs, 0 hits, 0 errors, 0 left on base; Hamilton 0 - Brinkley 5
BOTTOM OF THE 5TH
Brinkley Belugas batting - Pitching for Hamilton Coyotes : RHP António Fabián
Batting: RHB Rubén Campos 0-0: Swinging Strike
0-1: Foul Ball, location: 2F
0-2: SINGLE (Line Drive, 4S) (infield hit)
Batting: RHB Danilo Mosca 0-0: Fly out, F6 (Popup, 6)
Batting: LHB Víctor Fortis 0-0: Called Strike
0-1: Ball
1-1: Ball
2-1: Foul Ball, location: 2F
2-2: Foul Ball, location: 2F
2-2: Ball
Wild Pitch!
Rubén Campos to second
3-2: Base on Balls
Batting: LHB Natale Langushi 0-0: Foul Ball, location: 2F
0-1: Foul Ball, location: 2F
0-2: Ball
1-2: 3-RUN HOME RUN (Flyball, 9LD), Distance : 348 ft
Batting: RHB Wu-shiun Wang 0-0: Called Strike
0-1: Ball
1-1: Ball
2-1: Foul Ball, location: 2F
2-2: Strikes out swinging
Batting: RHB Jason Bringle 0-0: Ball
1-0: Foul Ball, location: 2F
1-1: Ball
2-1: Ball
3-1: Fly out, F9 (Flyball, 89M)
Bottom of the 5th over - 3 runs, 2 hits, 0 errors, 0 left on base; Hamilton 0 - Brinkley 8
TOP OF THE 6TH
Hamilton Coyotes batting - Pitching for Brinkley Belugas : LHP Rodney Spurr
Batting: LHB Tony Rodríguez 0-0: Ground out 4-3 (Groundball, 4)
Batting: LHB Ken Stroud 0-0: Ball
1-0: Foul Ball, location: 2F
1-1: Ball
2-1: Ground out 6-3 (Groundball, 6)
Batting: RHB Warren Martin 0-0: Ball
1-0: Swinging Strike
1-1: SINGLE (Line Drive, 34)
Batting: RHB Juanito González 0-0: Called Strike
0-1: Foul Ball, location: 2F
0-2: Ball
1-2: Foul Ball, location: 2F
1-2: Fielders Choice at 2nd, 5-4 (Groundball, 56)
Top of the 6th over - 0 runs, 1 hit, 0 errors, 1 left on base; Hamilton 0 - Brinkley 8
BOTTOM OF THE 6TH
Brinkley Belugas batting - Pitching for Hamilton Coyotes : RHP António Fabián
Batting: LHB Marcos Deleón 0-0: Ball
1-0: SINGLE (Groundball, 34D)
Batting: SHB Eddie Ménard 0-0: Ball
1-0: Called Strike
1-1: Ball
2-1: Fly out, F8 (Flyball, 8LD)
Batting: RHB Brandon Cole 0-0: Called Strike
0-1: Ball
1-1: Ball
2-1: Ball
3-1: DOUBLE (Line Drive, 89D)
Marcos Deleón to third
Runner from 3rd tries for Home, SAFE, throw made at trailing runner, OUT at third!
Batting: RHB Rubén Campos 0-0: Called Strike
0-1: Ball
1-1: Fly out, F5 (Line Drive, 5L)
Bottom of the 6th over - 1 run, 2 hits, 0 errors, 0 left on base; Hamilton 0 - Brinkley 9
TOP OF THE 7TH
Hamilton Coyotes batting - Pitching for Brinkley Belugas : LHP Rodney Spurr
Batting: LHB Andrés Chávez 0-0: Ball
1-0: Ball
2-0: Ball
3-0: Base on Balls
Batting: RHB Markus Thompson 0-0: Called Strike
0-1: Ball
1-1: Swinging Strike
1-2: Ball
2-2: Ball
3-2: Foul Ball, location: 2F
3-2: Fly out, F6 (Flyball, 56D)
Batting: RHB Jesús Soto 0-0: Ball
1-0: Ball
2-0: Ball
3-0: Called Strike
3-1: Foul Ball, location: 2F
3-2: Base on Balls
Andrés Chávez to second
Batting: LHB José Gómez 0-0: Foul Ball, location: 2F
0-1: Foul Ball, location: 2F
0-2: Ball
1-2: SINGLE (Line Drive, 6D)
Andrés Chávez to third
Jesús Soto to second
Runner from 3rd tries for Home, SAFE, throw made home
Batting: RHB Brandon Carroll 0-0: Called Strike
0-1: Ball
1-1: Ball
2-1: DOUBLE (Line Drive, 89XD)
Jesús Soto scores
José Gómez to third
Batting: LHB Tony Rodríguez 0-0: Ball
1-0: Ball
2-0: Ball
3-0: Base on Balls
Batting: LHB Ken Stroud 0-0: Foul Ball, location: 2F
0-1: TRIPLE (Flyball, 78XD)
José Gómez scores
Brandon Carroll scores
Tony Rodríguez scores
Pitching: RHP Alonso Cruz
Batting: RHB Warren Martin 0-0: Called Strike
0-1: Swinging Strike
0-2: Strikes out swinging
Batting: RHB Juanito González 0-0: Called Strike
0-1: Ball
1-1: Foul Ball, location: 2F
1-2: Foul Ball, location: 2F
1-2: Foul Ball, location: 2F
1-2: SINGLE (Line Drive, 8RS)
Ken Stroud scores
Batting: LHB Andrés Chávez 0-0: Called Strike
Juanito González steals 2nd base
0-1: Ball
1-1: Ball
2-1: Foul Ball, location: 2F
2-2: Foul Ball, location: 2F
2-2: Ball
3-2: Ground out 4-3 (Groundball, 4)
Top of the 7th over - 6 runs, 4 hits, 0 errors, 1 left on base; Hamilton 6 - Brinkley 9
BOTTOM OF THE 7TH
Brinkley Belugas batting - Pitching for Hamilton Coyotes : RHP António Fabián
Pitching: RHP Norberto Flores
Batting: RHB Danilo Mosca 0-0: Ball
1-0: Called Strike
1-1: Fly out, F4 (Popup, 4MD)
Batting: LHB Víctor Fortis 0-0: Ball
1-0: Fly out, F9 (Flyball, 9LM)
Batting: LHB Natale Langushi 0-0: Ball
1-0: Called Strike
1-1: Ball
2-1: Ground out 5-3 (Groundball, 56)
Bottom of the 7th over - 0 runs, 0 hits, 0 errors, 0 left on base; Hamilton 6 - Brinkley 9
TOP OF THE 8TH
Hamilton Coyotes batting - Pitching for Brinkley Belugas : RHP Alonso Cruz
Now in RF: Mario Domondón
Batting: RHB Markus Thompson 0-0: Ball
1-0: Ground out U3 (Groundball, 3L)
Batting: RHB Jesús Soto 0-0: Fly out, F8 (Flyball, 8LM)
Batting: LHB José Gómez 0-0: Ball
1-0: Called Strike
1-1: Ball
2-1: Ground out 6-3 (Groundball, 6S)
Top of the 8th over - 0 runs, 0 hits, 0 errors, 0 left on base; Hamilton 6 - Brinkley 9
BOTTOM OF THE 8TH
Brinkley Belugas batting - Pitching for Hamilton Coyotes : RHP Norberto Flores
Batting: RHB Wu-shiun Wang 0-0: Ball
1-0: Swinging Strike
1-1: Foul Ball, location: 2F
1-2: Ball
2-2: Foul Ball, location: 2F
2-2: Strikes out swinging
Batting: RHB Jason Bringle 0-0: Ball
1-0: Ball
2-0: Called Strike
2-1: Foul Ball, location: 2F
2-2: Strikes out looking
Batting: LHB Marcos Deleón 0-0: Ball
1-0: Ball
2-0: Swinging Strike
2-1: Foul Ball, location: 2F
2-2: Foul Ball, location: 2F
2-2: Ball
3-2: Base on Balls
Batting: SHB Eddie Ménard 0-0: Ball
1-0: Swinging Strike
1-1: Ball
2-1: Called Strike
2-2: Strikes out swinging
Bottom of the 8th over - 0 runs, 0 hits, 0 errors, 1 left on base; Hamilton 6 - Brinkley 9
TOP OF THE 9TH
Hamilton Coyotes batting - Pitching for Brinkley Belugas : RHP Alonso Cruz
Batting: RHB Brandon Carroll 0-0: Called Strike
0-1: Called Strike
0-2: Foul Ball, location: 2F
0-2: SINGLE (Line Drive, 8LS)
Batting: LHB Tony Rodríguez 0-0: Ball
1-0: Called Strike
1-1: Foul Ball, location: 2F
1-2: Foul Ball, location: 2F
1-2: Ball
2-2: Foul Ball, location: 2F
2-2: Strikes out swinging
Batting: LHB Ken Stroud 0-0: Ball
1-0: Ball
2-0: Fielders Choice at 2nd, 4-6 (Groundball, 4)
Batting: RHB Warren Martin 0-0: Foul Ball, location: 2F
0-1: Ground out 6-3 (Groundball, 6M)
Top of the 9th over - 0 runs, 1 hit, 0 errors, 1 left on base; Hamilton 6 - Brinkley 9
Sunday, March 18th, 2018 - OOTP Baseball 18.8 Build 76